[Event "39th Olympiad Khanty-Mansiysk 2010"]
[Site "Khanty-Mansiysk/Russia"]
[Date "2010.09.22"]
[Round "1"]
[White "Gruenfeld, Yehuda"]
[Black "Sasikiran, Krishnan"]
[Result "1/2-1/2"]
[WhiteElo "2464"]
[BlackElo "2681"]
[PlyCount "144"]
[EventDate "2010.??.??"]
[WhiteTeam "ICS"]
[BlackTeam "India"]
[BlackTeamCountry "IND"]
[TimeControl "40/5400+30:1800+30"]

1. e4 c5 2. Nf3 d6 3. d4 cxd4 4. Nxd4 Nf6 5. Nc3 a6 6. Bg5 e6 7. f4 Nbd7 8. Qf3
Qc7 9. O-O-O b5 10. Bd3 Bb7 11. Rhe1 Qb6 12. Nb3 Rc8 13. Kb1 Be7 14. Qh3 Rxc3
15. bxc3 Qc7 16. f5 e5 17. g4 Nd5 18. Bd2 Nxc3+ 19. Bxc3 Qxc3 20. Qe3 O-O 21.
Qd2 Qxd2 22. Rxd2 Rc8 23. a4 bxa4 24. Na5 Ba8 25. Bxa6 Rb8+ 26. Ka2 h5 27. Rb1
Rxb1 28. Kxb1 Bxe4 29. Bb7 Nc5 30. Bxe4 Nxe4 31. Rg2 hxg4 32. Nc6 Bf6 33. c4 d5
34. cxd5 Nc3+ 35. Kc1 Nxd5 36. Rxg4 Ne3 37. Rxa4 Nxf5 38. Ra5 Bg5+ 39. Kd1 f6
40. Ra7 Kh7 41. Ke2 Bf4 42. h3 e4 43. Ra4 Ng3+ 44. Kf2 f5 45. Nd4 g6 46. Ne6
e3+ 47. Kf3 e2 48. Ra1 Bd2 49. Kxg3 e1=Q+ 50. Rxe1 Bxe1+ 51. Kf3 Kh6 52. Kg2 g5
53. Kf3 Bc3 54. Nc7 Kg6 55. Nd5 Bd4 56. Nb4 Kh5 57. Nd3 Kg6 58. Nb4 Kf6 59. Nd3
Ke6 60. Ke2 Kd5 61. Kf3 Bb6 62. Nb4+ Kc5 63. Nd3+ Kd4 64. Nf4 Ke5 65. Nd3+ Kd5
66. Nb4+ Kc4 67. Nc6 Bc5 68. Ne5+ Kd4 69. Nf7 Be7 70. Nh6 Ke5 71. h4 gxh4 72.
Nxf5 Kxf5 1/2-1/2

[Event "39th Olympiad Khanty-Mansiysk 2010"]
[Site "Khanty-Mansiysk/Russia"]
[Date "2010.09.22"]
[Round "1"]
[White "Khotenashvili, Bela"]
[Black "Blagojevic, Lidija"]
[Result "1-0"]
[WhiteElo "2464"]
[BlackElo "2013"]
[PlyCount "61"]
[EventDate "2010.??.??"]
[WhiteTeam "Georgia"]
[BlackTeam "MNE"]
[WhiteTeamCountry "GEO"]
[TimeControl "40/5400+30:1800+30"]

1. d4 Nf6 2. Nf3 d6 3. c4 Nbd7 4. Nc3 c6 5. Qc2 e5 6. Bg5 Be7 7. e3 Qc7 8. Bd3
Nf8 9. c5 Bg4 10. cxd6 Bxd6 11. dxe5 Bxe5 12. Nxe5 Qxe5 13. Bf4 Qa5 14. O-O Rd8
15. a3 Rd7 16. h3 Be6 17. b4 Qh5 18. Na4 b6 19. Qxc6 Ng6 20. Bd6 Ne7 21. Qb5
Nc8 22. Bh2 Qh6 23. Bf4 Qh4 24. Bg5 Qh5 25. Bxf6 Qxb5 26. Bxb5 gxf6 27. Rfd1
Ke7 28. Bxd7 Bxd7 29. Nc3 Rg8 30. Nd5+ Ke6 31. Nxf6 1-0

[Event "39th Olympiad Khanty-Mansiysk 2010"]
[Site "Khanty-Mansiysk/Russia"]
[Date "2010.09.22"]
[Round "1"]
[White "Arenas, David"]
[Black "Guerra Tulcan, Lenin"]
[Result "1/2-1/2"]
[WhiteElo "2457"]
[BlackElo "2352"]
[PlyCount "87"]
[EventDate "2010.??.??"]
[WhiteTeam "Colombia"]
[BlackTeam "Ecuador"]
[WhiteTeamCountry "COL"]
[BlackTeamCountry "ECU"]
[TimeControl "40/5400+30:1800+30"]

1. e4 c5 2. Nc3 e6 3. Nf3 Nc6 4. d4 cxd4 5. Nxd4 Qc7 6. f4 a6 7. Nxc6 bxc6 8.
Bd3 d6 9. O-O Nf6 10. Kh1 Be7 11. Qe1 e5 12. Na4 Nd7 13. b3 O-O 14. Qg3 Bf6 15.
f5 Rd8 16. Be3 d5 17. c4 Bb7 18. Rac1 Qa5 19. Qf2 Re8 20. Rfd1 d4 21. Bd2 Qd8
22. c5 a5 23. Qg3 Ba6 24. Bxa6 Rxa6 25. Nb2 Qe7 26. Nd3 Rb8 27. Rc4 Rb5 28. b4
axb4 29. Nxb4 Ra8 30. Nxc6 Qe8 31. Nb4 Rxc5 32. Rxc5 Nxc5 33. Re1 Qb5 34. h3
Kh8 35. Qf3 Ra4 36. Rc1 h6 37. Nd5 Qd3 38. Rxc5 Qxd2 39. Qh5 Ra7 40. Qg4 Qg5
41. Rc8+ Kh7 42. Qe2 Ra3 43. Qb2 Qg3 44. Qb8 1/2-1/2

[Event "39th Olympiad Khanty-Mansiysk 2010"]
[Site "Khanty-Mansiysk/Russia"]
[Date "2010.09.22"]
[Round "1"]
[White "Escobar Forero, Alder"]
[Black "Mieles Palau, Daniel"]
[Result "1/2-1/2"]
[WhiteElo "2454"]
[BlackElo "2422"]
[PlyCount "46"]
[EventDate "2010.??.??"]
[WhiteTeam "Colombia"]
[BlackTeam "Ecuador"]
[WhiteTeamCountry "COL"]
[BlackTeamCountry "ECU"]
[TimeControl "40/5400+30:1800+30"]

1. e4 d5 2. exd5 Qxd5 3. Nf3 Nf6 4. Be2 c6 5. d4 Bf5 6. O-O e6 7. c4 Qa5 8. Bf4
Nbd7 9. Nbd2 Nh5 10. Be3 Nhf6 11. Re1 Be7 12. Nb3 Qc7 13. Rc1 Qb8 14. d5 exd5
15. Nbd4 Bg6 16. cxd5 Nxd5 17. Bg5 O-O 18. Nxc6 bxc6 19. Bxe7 Nxe7 20. Qxd7
Qxb2 21. Bc4 Nd5 22. Bb3 Nc3 23. Qd2 Qxd2 1/2-1/2

[Event "39th Olympiad Khanty-Mansiysk 2010"]
[Site "Khanty-Mansiysk/Russia"]
[Date "2010.09.22"]
[Round "1"]
[White "Dembo, Yelena"]
[Black "Hoang, Thanh Trang"]
[Result "0-1"]
[WhiteElo "2452"]
[BlackElo "2482"]
[PlyCount "80"]
[EventDate "2010.??.??"]
[WhiteTeam "Greece"]
[BlackTeam "Hungary"]
[WhiteTeamCountry "GRE"]
[BlackTeamCountry "HUN"]
[TimeControl "40/5400+30:1800+30"]

1. e4 e6 2. d4 d5 3. Nd2 Be7 4. Bd3 c5 5. dxc5 Nf6 6. Qe2 O-O 7. Ngf3 a5 8. O-O
Na6 9. e5 Nd7 10. c4 Naxc5 11. Bb1 b6 12. Nd4 Bb7 13. Rd1 Qc7 14. cxd5 Qxe5 15.
dxe6 fxe6 16. Nf1 Qxe2 17. Nxe2 Ne5 18. Bc2 Rac8 19. Nc3 Rfd8 20. Be3 Nc4 21.
Bxc5 Bxc5 22. Rxd8+ Rxd8 23. Na4 Bd4 24. Re1 Nxb2 25. Nxb2 Bxb2 26. Rxe6 Bd4
27. Bb3 Kf8 28. a4 Bc5 29. Re5 Rd3 30. Bc2 Ra3 31. Bxh7 Rxa4 32. Bg6 Bc6 33. h3
Ra1 34. Bd3 a4 35. Rf5+ Ke7 36. Rg5 Rd1 37. Bc4 Kf6 38. Rh5 a3 39. g4 Rc1 40.
Rf5+ Ke7 0-1

[Event "39th Olympiad Khanty-Mansiysk 2010"]
[Site "Khanty-Mansiysk/Russia"]
[Date "2010.09.22"]
[Round "1"]
[White "Arakhamia-Grant, Ketevan"]
[Black "Eljanov, Pavel"]
[Result "0-1"]
[WhiteElo "2451"]
[BlackElo "2761"]
[PlyCount "98"]
[EventDate "2010.??.??"]
[WhiteTeam "Scotland"]
[BlackTeam "Ukraine"]
[WhiteTeamCountry "SCO"]
[BlackTeamCountry "UKR"]
[TimeControl "40/5400+30:1800+30"]

1. e4 c6 2. d4 d5 3. e5 Bf5 4. Nf3 e6 5. Be2 c5 6. O-O Nc6 7. c3 Bg6 8. Be3 Qb6
9. b3 Nh6 10. dxc5 Bxc5 11. Bxh6 gxh6 12. b4 Bf8 13. b5 Ne7 14. Nbd2 Bg7 15. c4
O-O 16. Qb3 Rfc8 17. Rfe1 Qc5 18. Qb2 dxc4 19. Bxc4 Nd5 20. Rac1 Qb4 21. Qa1
Rc5 22. a3 Qa4 23. Bf1 Bf8 24. Nd4 Rxc1 25. Rxc1 Qxa3 26. Nc4 Qxa1 27. Rxa1 Bb4
28. Nb3 Bc3 29. Ra3 Nc7 30. Nd6 b6 31. f4 Nd5 32. g3 Bb4 33. Ra1 Bc2 34. Nc1
Bc5+ 35. Kh1 Ne3 36. Bd3 Bxd6 37. exd6 Rd8 38. Rxa7 Bxd3 39. Nxd3 Rxd6 40. Ra3
Rd5 41. Rb3 Kg7 42. Kg1 h5 43. h3 Nf5 44. Ne5 Nd4 45. Rb4 h4 46. Kf2 hxg3+ 47.
Kxg3 Nxb5 48. Nc4 Rd3+ 49. Kg2 Rd4 0-1

[Event "39th Olympiad Khanty-Mansiysk 2010"]
[Site "Khanty-Mansiysk/Russia"]
[Date "2010.09.22"]
[Round "1"]
[White "Bitoon, Richard"]
[Black "Alsina Leal, Daniel"]
[Result "1/2-1/2"]
[WhiteElo "2447"]
[BlackElo "2523"]
[PlyCount "84"]
[EventDate "2010.??.??"]
[WhiteTeam "Philippines"]
[BlackTeam "Espana"]
[WhiteTeamCountry "PHI"]
[BlackTeamCountry "ESP"]
[TimeControl "40/5400+30:1800+30"]

1. e4 c5 2. Nf3 Nc6 3. d4 cxd4 4. Nxd4 Nf6 5. Nc3 e5 6. Ndb5 d6 7. Bg5 a6 8.
Na3 b5 9. Nd5 Be7 10. Bxf6 Bxf6 11. c4 b4 12. Nc2 O-O 13. Be2 a5 14. O-O Bg5
15. Qd3 Be6 16. Rad1 Bxd5 17. Qxd5 Qb6 18. b3 Rfd8 19. Qb5 Qc7 20. Qd5 a4 21.
c5 Na5 22. c6 Qxc6 23. Nxb4 Qxd5 24. Rxd5 axb3 25. axb3 Nxb3 26. Nc6 Rdc8 27.
Rxd6 Rxc6 28. Rxc6 Nd4 29. Ba6 Nxc6 30. Bb7 Ra2 31. Bxc6 Be7 32. Bd5 Rc2 33.
Ra1 g6 34. g3 Bc5 35. Ra2 Bxf2+ 36. Kg2 Rxa2 37. Bxa2 Bd4 38. Kf3 Kg7 39. g4 f6
40. h3 Bc3 41. Bb3 Kh6 42. Bg8 Kg7 1/2-1/2

[Event "39th Olympiad Khanty-Mansiysk 2010"]
[Site "Khanty-Mansiysk/Russia"]
[Date "2010.09.22"]
[Round "1"]
[White "Repkova, Eva"]
[Black "Caoili, Arianne"]
[Result "1-0"]
[WhiteElo "2447"]
[BlackElo "2243"]
[PlyCount "47"]
[EventDate "2010.??.??"]
[WhiteTeam "Slovakia"]
[BlackTeam "Australia"]
[WhiteTeamCountry "SVK"]
[BlackTeamCountry "AUS"]
[TimeControl "40/5400+30:1800+30"]

1. e4 e5 2. Nf3 Nc6 3. Bc4 Bc5 4. d3 Nf6 5. c3 d6 6. Bb3 a6 7. h3 Ba7 8. Nbd2
O-O 9. Nf1 d5 10. Qe2 Re8 11. Ng3 h6 12. O-O Be6 13. Nh4 Nxe4 14. dxe4 Qxh4 15.
exd5 Bxd5 16. Bxd5 Qxg3 17. Qh5 Re7 18. Be4 Rd8 19. Kh1 g6 20. Qxh6 Bxf2 21.
Bg5 Re6 22. Bxc6 Rxc6 23. Bxd8 Be3 24. Qh4 1-0

[Event "39th Olympiad Khanty-Mansiysk 2010"]
[Site "Khanty-Mansiysk/Russia"]
[Date "2010.09.22"]
[Round "1"]
[White "Sanduleac, Vasile"]
[Black "Kraemer, Martin"]
[Result "1-0"]
[WhiteElo "2446"]
[BlackElo "2516"]
[PlyCount "115"]
[EventDate "2010.??.??"]
[WhiteTeam "Moldova"]
[BlackTeam "Germany"]
[WhiteTeamCountry "MDA"]
[BlackTeamCountry "GER"]
[TimeControl "40/5400+30:1800+30"]

1. e4 c5 2. Nf3 d6 3. Bb5+ Nd7 4. d4 cxd4 5. Qxd4 a6 6. Bxd7+ Bxd7 7. c4 Nf6 8.
Nc3 g6 9. O-O Bg7 10. Be3 O-O 11. Qd3 Rc8 12. Bd4 Qc7 13. Nd2 e5 14. Be3 Be6
15. Bg5 Bxc4 16. Nxc4 Qxc4 17. Qf3 Qe6 18. Bxf6 Qxf6 19. Qd3 Qe6 20. Nd5 Bh6
21. Qb3 Rb8 22. Rad1 Rfc8 23. Rd3 Rc6 24. Rc3 Rc5 25. Rd1 Kg7 26. Qb6 Bg5 27.
Rxc5 dxc5 28. Qc7 Qe8 29. g3 b5 30. h4 Rc8 31. Qb7 Bf6 32. Nc7 Qg8 33. Rd7 Rb8
34. Qxa6 Bd8 35. Nd5 Qe8 36. Qd6 Rc8 37. Kg2 h5 38. a3 Kg8 39. Rb7 Kg7 40. Qa6
Qc6 41. Qxc6 Rxc6 42. Rb8 Ba5 43. Rxb5 Bd2 44. a4 c4 45. a5 Ra6 46. Nc3 Bc1 47.
Kf3 f5 48. exf5 gxf5 49. Ke2 Rd6 50. Na4 f4 51. Rb7+ Kf6 52. Rb6 Ke7 53. a6
fxg3 54. fxg3 Rd5 55. Rb7+ Kd6 56. Nb6 Rd2+ 57. Ke1 Kc6 58. Nxc4 1-0

[Event "39th Olympiad Khanty-Mansiysk 2010"]
[Site "Khanty-Mansiysk/Russia"]
[Date "2010.09.22"]
[Round "1"]
[White "Genba, Vladimir"]
[Black "Giri, Anish"]
[Result "0-1"]
[WhiteElo "2445"]
[BlackElo "2677"]
[PlyCount "134"]
[EventDate "2010.??.??"]
[WhiteTeam "RU4"]
[BlackTeam "Netherlands"]
[BlackTeamCountry "NED"]
[TimeControl "40/5400+30:1800+30"]

1. Nf3 Nf6 2. e3 g6 3. b3 Bg7 4. Bb2 O-O 5. Be2 d6 6. d4 Nbd7 7. c4 e5 8. Nc3
Re8 9. Qc2 h5 10. O-O-O c6 11. h3 a6 12. dxe5 dxe5 13. Ng5 Qa5 14. a3 Nf8 15.
Nce4 Nxe4 16. Nxe4 Bf5 17. Qc3 Qxc3+ 18. Nxc3 b5 19. c5 h4 20. b4 e4 21. Nb1 a5
22. Bxg7 Kxg7 23. Nc3 Nd7 24. Kb2 Ne5 25. Rd4 Ra7 26. Rhd1 Rea8 27. Rd6 axb4
28. axb4 Ra3 29. R1d4 R8a7 30. Bf1 Kf8 31. Rd1 Ke7 32. Rb1 Be6 33. Kc2 f5 34.
Be2 g5 35. f4 exf3 36. Bxf3 R7a6 37. Be2 Bf7 38. Bd3 Be6 39. Be2 f4 40. exf4
Bf5+ 41. Kd2 Nf7 42. Bd3 Nxd6 43. cxd6+ Kf6 44. fxg5+ Kxg5 45. Rf1 Bxd3 46.
Kxd3 c5 47. bxc5 b4 48. Kd4 Rxc3 49. d7 Ra8 50. Kd5 Rd3+ 51. Ke6 b3 52. Ke7
Re3+ 53. Kd6 Rd3+ 54. Ke7 b2 55. Rb1 Re3+ 56. Kd6 Kf6 57. c6 Rd3+ 58. Kc7 Rd2
59. Kb7 Ra1 60. c7 Rxd7 61. Rxb2 Rc1 62. Rb6+ Ke5 63. Rc6 Rxc6 64. Kxc6 Rd1 65.
c8=R Rc1+ 66. Kd7 Rxc8 67. Kxc8 Kf4 0-1

[Event "39th Olympiad Khanty-Mansiysk 2010"]
[Site "Khanty-Mansiysk/Russia"]
[Date "2010.09.22"]
[Round "1"]
[White "Melia, Salome"]
[Black "Milovic, Aleksandra"]
[Result "1-0"]
[WhiteElo "2439"]
[BlackElo "2182"]
[PlyCount "55"]
[EventDate "2010.??.??"]
[WhiteTeam "Georgia"]
[BlackTeam "MNE"]
[WhiteTeamCountry "GEO"]
[TimeControl "40/5400+30:1800+30"]

1. e4 c5 2. Nf3 e6 3. c3 d5 4. exd5 Qxd5 5. d4 Nf6 6. Na3 Be7 7. Nb5 Na6 8. Be2
O-O 9. O-O cxd4 10. c4 Qd8 11. Nbxd4 Qb6 12. Qc2 Nb4 13. Qb1 Bd7 14. a3 Nc6 15.
Nb5 g6 16. b4 a5 17. Bb2 Nh5 18. Rd1 Rad8 19. c5 Qa6 20. Nc3 Qa7 21. Ne4 Nb8
22. Ne5 Nf4 23. Bf1 Ba4 24. Ng4 f6 25. Nexf6+ Bxf6 26. Nxf6+ Kf7 27. Rxd8 Rxd8
28. Qe4 1-0

[Event "39th Olympiad Khanty-Mansiysk 2010"]
[Site "Khanty-Mansiysk/Russia"]
[Date "2010.09.22"]
[Round "1"]
[White "Kopylov, Alexander A"]
[Black "Kosic, Dragan"]
[Result "1-0"]
[WhiteElo "2438"]
[BlackElo "2481"]
[PlyCount "75"]
[EventDate "2010.??.??"]
[WhiteTeam "RU5"]
[BlackTeam "MNE"]
[TimeControl "40/5400+30:1800+30"]

1. d4 e6 2. c4 Bb4+ 3. Bd2 Bxd2+ 4. Qxd2 Nf6 5. Nf3 O-O 6. g3 d5 7. Bg2 c6 8.
Qc2 Nbd7 9. O-O b6 10. Nbd2 Bb7 11. b4 a5 12. a3 Qe7 13. c5 axb4 14. axb4 e5
15. dxe5 Ng4 16. Nb3 Ngxe5 17. Nxe5 Qxe5 18. Rxa8 Rxa8 19. cxb6 Nxb6 20. Na5
Qe7 21. Rc1 Qxb4 22. Nxb7 Nc4 23. e4 Qxb7 24. exd5 Nd6 25. dxc6 Qc7 26. h4 g6
27. Qc3 Rd8 28. Rb1 Re8 29. Bd5 Rd8 30. Qf6 Rf8 31. h5 gxh5 32. Kg2 Ne8 33.
Qg5+ Ng7 34. Rb7 Qc8 35. Rd7 Qe8 36. Re7 Qc8 37. c7 Qa6 38. Rxf7 1-0

[Event "39th Olympiad Khanty-Mansiysk 2010"]
[Site "Khanty-Mansiysk/Russia"]
[Date "2010.09.22"]
[Round "1"]
[White "Buss, Ralph"]
[Black "Antonsen, Mikkel"]
[Result "0-1"]
[WhiteElo "2433"]
[BlackElo "2471"]
[PlyCount "74"]
[EventDate "2010.??.??"]
[WhiteTeam "Switzerland"]
[BlackTeam "Denmark"]
[WhiteTeamCountry "SUI"]
[BlackTeamCountry "DEN"]
[TimeControl "40/5400+30:1800+30"]

1. Nf3 d5 2. d4 Nf6 3. c4 e6 4. g3 Be7 5. Bg2 O-O 6. Nc3 dxc4 7. Ne5 Nc6 8.
Bxc6 bxc6 9. Nxc6 Qe8 10. Nxe7+ Qxe7 11. Qa4 e5 12. Qxc4 exd4 13. Qxd4 Rd8 14.
Qe3 Qb4 15. O-O Ba6 16. Qf4 c5 17. Qf5 Re8 18. Qc2 Qg4 19. f3 Qd4+ 20. Rf2 Nd5
21. e3 Nxe3 22. Bxe3 Rxe3 23. Rd1 Bd3 24. Qa4 c4 25. Kg2 h6 26. Qc6 Rae8 27.
Qd5 Qf6 28. Qc5 Qe6 29. Qxa7 Re1 30. Rxe1 Qxe1 31. Qd7 Rb8 32. Na4 Qd1 33. Qa7
Re8 34. Nc3 Qc1 35. Qd4 Re1 36. g4 Rg1+ 37. Kh3 Bf1+ 0-1

[Event "39th Olympiad Khanty-Mansiysk 2010"]
[Site "Khanty-Mansiysk/Russia"]
[Date "2010.09.22"]
[Round "1"]
[White "Collins, Sam E"]
[Black "Marcos, Joselito"]
[Result "1-0"]
[WhiteElo "2431"]
[BlackElo "2115"]
[PlyCount "71"]
[EventDate "2010.??.??"]
[WhiteTeam "Ireland"]
[BlackTeam "Papua New Guinea"]
[WhiteTeamCountry "IRL"]
[BlackTeamCountry "PNG"]
[TimeControl "40/5400+30:1800+30"]

1. d4 d5 2. c4 c6 3. Nf3 Nf6 4. Nc3 a6 5. h3 e6 6. c5 a5 7. Bf4 b5 8. cxb6 Qxb6
9. a3 Nfd7 10. Na4 Qa7 11. Rc1 Ba6 12. e3 Bxf1 13. Kxf1 Be7 14. g4 O-O 15. Kg2
Rc8 16. h4 c5 17. Nxc5 Nxc5 18. b4 axb4 19. axb4 Qb7 20. bxc5 Nc6 21. Rb1 Qd7
22. Ne5 Nxe5 23. Bxe5 f6 24. Bg3 Bd8 25. Qd3 Bc7 26. Rb7 Qc6 27. Qb5 Qxb5 28.
Rxb5 Bxg3 29. Kxg3 Rc7 30. Rhb1 Kf7 31. Rb7 Rac8 32. R1b6 Ke7 33. h5 g5 34. Kf3
Kd7 35. Rd6+ Ke7 36. Rbb6 1-0

[Event "39th Olympiad Khanty-Mansiysk 2010"]
[Site "Khanty-Mansiysk/Russia"]
[Date "2010.09.22"]
[Round "1"]
[White "Urkedal, Frode"]
[Black "Pereira, Ruben"]
[Result "1-0"]
[WhiteElo "2430"]
[BlackElo "2423"]
[PlyCount "99"]
[EventDate "2010.??.??"]
[WhiteTeam "Norway"]
[BlackTeam "Portugal"]
[WhiteTeamCountry "NOR"]
[BlackTeamCountry "POR"]
[TimeControl "40/5400+30:1800+30"]

1. d4 Nf6 2. c4 g6 3. Nf3 Bg7 4. g3 O-O 5. Bg2 c5 6. O-O d6 7. d5 e5 8. dxe6
fxe6 9. Nc3 Nc6 10. Bf4 Ne8 11. Qd2 Nd4 12. Ng5 h6 13. Nge4 Kh7 14. Qd3 e5 15.
Bd2 Be6 16. Rad1 Qd7 17. Bc1 Rd8 18. e3 Nf3+ 19. Bxf3 Rxf3 20. Nxc5 dxc5 21.
Qe4 Qf7 22. Rxd8 Bxc4 23. Rd7 Qxd7 24. Qxc4 Qh3 25. Qd5 Rf5 26. Qxb7 Nf6 27.
Qg2 Qh5 28. Ne4 Qe2 29. g4 Nxg4 30. Ng3 Qd3 31. Nxf5 Qxf5 32. e4 Qd7 33. Qf3
Nf6 34. Rd1 Qa4 35. Be3 Qxa2 36. Rd6 Qxb2 37. Rxf6 Bxf6 38. Qxf6 Qb1+ 39. Kg2
Qxe4+ 40. Qf3 Qc4 41. Qb7+ Kg8 42. Qb8+ Kf7 43. Qxe5 h5 44. Bxc5 a5 45. Qe7+
Kg8 46. Qe8+ Kg7 47. Qd7+ Kf6 48. Bd4+ Kg5 49. Qe7+ Kf5 50. Qe5+ 1-0

[Event "39th Olympiad Khanty-Mansiysk 2010"]
[Site "Khanty-Mansiysk/Russia"]
[Date "2010.09.22"]
[Round "1"]
[White "Valdes, Leonardo"]
[Black "Sakr, Nassim"]
[Result "1/2-1/2"]
[WhiteElo "2429"]
[BlackElo "2177"]
[PlyCount "92"]
[EventDate "2010.??.??"]
[WhiteTeam "Costa Rica"]
[BlackTeam "Lebanon"]
[WhiteTeamCountry "CRI"]
[BlackTeamCountry "LBN"]
[TimeControl "40/5400+30:1800+30"]

1. Nf3 Nf6 2. c4 d6 3. g3 e5 4. Nc3 Be7 5. Bg2 O-O 6. O-O h6 7. d3 Re8 8. Rb1
Bf8 9. Nd2 Nc6 10. b4 Qd7 11. b5 Nd4 12. e3 Ne6 13. Nd5 Nxd5 14. cxd5 Nd8 15.
Qc2 a6 16. a4 f5 17. Nf3 Nf7 18. Bd2 Be7 19. Rfc1 Bd8 20. Be1 b6 21. Rb4 Bb7
22. e4 g5 23. bxa6 Bxa6 24. exf5 Qxf5 25. Re4 Rf8 26. Nd2 Kh8 27. Nc4 h5 28. h3
Qg6 29. Qe2 Bc8 30. Ne3 Nh6 31. Bc3 Nf5 32. Nc2 Bf6 33. Rc4 Qf7 34. Ra1 Ba6 35.
Re4 Bc8 36. Rc4 Ba6 37. Re4 Bc8 38. a5 bxa5 39. Rxa5 Rxa5 40. Bxa5 Nd4 41. Nxd4
exd4 42. Qc2 Bf5 43. Re1 Be5 44. Rc1 h4 45. Be1 hxg3 46. fxg3 Qh7 1/2-1/2

[Event "39th Olympiad Khanty-Mansiysk 2010"]
[Site "Khanty-Mansiysk/Russia"]
[Date "2010.09.22"]
[Round "1"]
[White "Fernandes, Antonio"]
[Black "Hansen, Torbjorn Ringdal"]
[Result "0-1"]
[WhiteElo "2422"]
[BlackElo "2429"]
[PlyCount "118"]
[EventDate "2010.??.??"]
[WhiteTeam "Portugal"]
[BlackTeam "Norway"]
[WhiteTeamCountry "POR"]
[BlackTeamCountry "NOR"]
[TimeControl "40/5400+30:1800+30"]

1. d4 Nf6 2. Nf3 g6 3. Bf4 Bg7 4. h3 O-O 5. e3 d6 6. c4 c5 7. Nc3 Bf5 8. Nh4
Bd7 9. Be2 Qa5 10. Qd2 cxd4 11. exd4 e5 12. Be3 exd4 13. Bxd4 Ne4 14. Nxe4
Qxd2+ 15. Kxd2 Bxd4 16. Kc2 Ba4+ 17. Kc1 Na6 18. Nf3 Bg7 19. Nc3 Bd7 20. Rd1
Rfe8 21. Nd4 Rac8 22. a4 Nb4 23. Bf1 d5 24. cxd5 Re4 25. Nde2 Bh6+ 26. f4 Rxf4
27. Nxf4 Bxf4+ 28. Rd2 Nxd5 29. Kd1 Nxc3+ 30. bxc3 Bxd2 31. Kxd2 Bc6 32. g3
Rd8+ 33. Ke3 Re8+ 34. Kd2 a6 35. Bc4 Kg7 36. Kd3 Re5 37. Bb3 Rg5 38. Rg1 h5 39.
h4 Ra5 40. Rf1 f5 41. Kd4 Kf6 42. Re1 Be4 43. Re2 Re5 44. Bg8 Re7 45. c4 Rd7+
46. Bd5 b5 47. Kc5 bxc4 48. Bxc4 Rc7+ 49. Kd4 a5 50. Rb2 Rb7 51. Rxb7 Bxb7 52.
Bb5 g5 53. Be8 Bf3 54. Bb5 f4 55. hxg5+ Kxg5 56. gxf4+ Kxf4 57. Kd3 h4 58. Bd7
Bg4 59. Bc6 h3 0-1

[Event "39th Olympiad Khanty-Mansiysk 2010"]
[Site "Khanty-Mansiysk/Russia"]
[Date "2010.09.22"]
[Round "1"]
[White "Irwanto, Sadikin"]
[Black "Mikhalevski, Victor"]
[Result "1/2-1/2"]
[WhiteElo "2419"]
[BlackElo "2610"]
[PlyCount "118"]
[EventDate "2010.??.??"]
[WhiteTeam "Indonesia"]
[BlackTeam "Israel"]
[WhiteTeamCountry "INA"]
[BlackTeamCountry "ISR"]
[TimeControl "40/5400+30:1800+30"]

1. d4 Nf6 2. c4 g6 3. Nc3 d5 4. cxd5 Nxd5 5. e4 Nxc3 6. bxc3 Bg7 7. Nf3 c5 8.
Be3 Qa5 9. Qd2 O-O 10. Rc1 b6 11. Bc4 e6 12. O-O Ba6 13. Bxa6 Nxa6 14. Bh6 cxd4
15. cxd4 Qxd2 16. Bxd2 Rfc8 17. a4 Kf8 18. Rxc8+ Rxc8 19. Rc1 Rxc1+ 20. Bxc1 b5
21. axb5 Nc7 22. b6 axb6 23. g4 Nb5 24. Bb2 Ke8 25. Kf1 Nd6 26. e5 Nc4 27. Bc3
Bf8 28. Ke2 b5 29. Kd3 Be7 30. Bd2 Nb6 31. Bg5 Bf8 32. Nd2 Nd5 33. Ne4 Kd7 34.
Bd2 Be7 35. Bg5 Nb4+ 36. Kc3 Nd5+ 37. Kd3 Bf8 38. Bd2 Ke8 39. h4 h5 40. gxh5
gxh5 41. Bg5 Be7 42. Bxe7 Kxe7 43. Ng3 Nf4+ 44. Ke4 Ng6 45. Nxh5 b4 46. Kd3
Nxh4 47. Ng3 Nf3 48. Ne2 f6 49. exf6+ Kxf6 50. Kc4 e5 51. d5 Ke7 52. Kxb4 Kd6
53. Kc4 Nd2+ 54. Kd3 Nb1 55. Kc2 Na3+ 56. Kb3 Nb1 57. Kb2 Nd2 58. Nc3 Nc4+ 59.
Kc2 Nb6 1/2-1/2

[Event "39th Olympiad Khanty-Mansiysk 2010"]
[Site "Khanty-Mansiysk/Russia"]
[Date "2010.09.22"]
[Round "1"]
[White "Agopov, Mikael"]
[Black "Cordova, Emilio"]
[Result "0-1"]
[WhiteElo "2419"]
[BlackElo "2539"]
[PlyCount "92"]
[EventDate "2010.??.??"]
[WhiteTeam "Finland"]
[BlackTeam "Peru"]
[WhiteTeamCountry "FIN"]
[BlackTeamCountry "PER"]
[TimeControl "40/5400+30:1800+30"]

1. e4 e6 2. d4 d5 3. Nc3 Nf6 4. e5 Nfd7 5. f4 c5 6. Nf3 Nc6 7. Be3 Be7 8. dxc5
O-O 9. Be2 Bxc5 10. Qd2 Bxe3 11. Qxe3 f6 12. exf6 Qxf6 13. Rd1 Qh6 14. g3 Nf6
15. O-O Ng4 16. Qc5 d4 17. Ne4 Bd7 18. Rd2 Ne3 19. Re1 Rf5 20. Qa3 e5 21. Qd6
Be6 22. Nc5 Rf6 23. fxe5 Nf5 24. Qc7 Rf7 25. Nxe6 Rxc7 26. Nxc7 Rf8 27. Bc4+
Kh8 28. Ne6 Nh4 29. gxh4 Rxf3 30. Ng5 Rf4 31. Rde2 Qh5 32. e6 Ne7 33. Rf1 Qxh4
34. Nf7+ Kg8 35. Rxf4 Qxf4 36. Ne5 g6 37. Nd7 b5 38. Bb3 Qg5+ 39. Kf1 a5 40.
Rf2 a4 41. Rf8+ Kg7 42. Rf7+ Kh6 43. Nf6 Qf5+ 44. Kg1 axb3 45. h4 Qxf6 46. Rxf6
bxc2 0-1

[Event "39th Olympiad Khanty-Mansiysk 2010"]
[Site "Khanty-Mansiysk/Russia"]
[Date "2010.09.22"]
[Round "1"]
[White "Mok, Tze-Meng"]
[Black "Borigas, Edgardo"]
[Result "1-0"]
[WhiteElo "2416"]
[BlackElo "2005"]
[PlyCount "71"]
[EventDate "2010.??.??"]
[WhiteTeam "Malaysia"]
[BlackTeam "Hong Kong"]
[WhiteTeamCountry "MAS"]
[BlackTeamCountry "HKG"]
[TimeControl "40/5400+30:1800+30"]

1. e4 e6 2. Nf3 d5 3. Nc3 Nf6 4. e5 Nfd7 5. d4 c5 6. dxc5 Bxc5 7. Bd3 Nc6 8.
Bf4 a6 9. O-O Ne7 10. Qe2 Ng6 11. Bg3 b5 12. h4 Qc7 13. h5 Ne7 14. h6 gxh6 15.
Qd2 Bb7 16. b4 Bxb4 17. Nxb5 Qc5 18. c3 axb5 19. cxb4 Qb6 20. Qxh6 Ra3 21. Rfd1
Nc6 22. Qc1 Qa7 23. Bxb5 Ndb8 24. Nd4 Kd7 25. Qf4 Rf8 26. Qh6 Re8 27. Qxh7 Ba6
28. Bh4 Bxb5 29. Nxb5 Qa4 30. Qxf7+ Re7 31. Bxe7 Nxe7 32. Nxa3 Qxa3 33. Rac1
Qxb4 34. Rb1 Qa4 35. Rb7+ Kc8 36. Rxb8+ 1-0

[Event "39th Olympiad Khanty-Mansiysk 2010"]
[Site "Khanty-Mansiysk/Russia"]
[Date "2010.09.22"]
[Round "1"]
[White "Mehmeti, Dritan"]
[Black "Wojtaszek, Radoslaw"]
[Result "0-1"]
[WhiteElo "2415"]
[BlackElo "2711"]
[PlyCount "76"]
[EventDate "2010.??.??"]
[WhiteTeam "Albania"]
[BlackTeam "Poland"]
[WhiteTeamCountry "ALB"]
[BlackTeamCountry "POL"]
[TimeControl "40/5400+30:1800+30"]

1. d4 Nf6 2. Bg5 c5 3. d5 Ne4 4. Bf4 Qb6 5. Bc1 e6 6. f3 Qa5+ 7. c3 Nf6 8. e4
d6 9. Nd2 exd5 10. exd5 Be7 11. Nc4 Qd8 12. Ne3 O-O 13. Bd3 Nbd7 14. Ne2 Ne5
15. O-O Re8 16. Re1 Bf8 17. c4 g6 18. Ng3 h5 19. h3 h4 20. Ne4 Nxe4 21. Bxe4 f5
22. Bc2 Bg7 23. f4 Nd7 24. Nf1 Nf6 25. Nh2 b5 26. cxb5 Bb7 27. Nf3 Bxd5 28. Ng5
Rxe1+ 29. Qxe1 Qe8 30. Bd2 Qxb5 31. Bc3 Re8 32. Qd1 Qe2 33. Nf3 Bxf3 34. gxf3
Qe3+ 35. Kh1 Qxf4 36. Bxf6 Bxf6 37. Qd5+ Kg7 38. Bb3 Re2 0-1

[Event "39th Olympiad Khanty-Mansiysk 2010"]
[Site "Khanty-Mansiysk/Russia"]
[Date "2010.09.22"]
[Round "1"]
[White "Thorfinnsson, Bragi"]
[Black "Cicak, Slavko"]
[Result "1-0"]
[WhiteElo "2415"]
[BlackElo "2568"]
[PlyCount "63"]
[EventDate "2010.??.??"]
[WhiteTeam "Iceland"]
[BlackTeam "Sweden"]
[WhiteTeamCountry "ISL"]
[BlackTeamCountry "SWE"]
[TimeControl "40/5400+30:1800+30"]

1. d4 g6 2. c4 Bg7 3. g3 c5 4. d5 Qa5+ 5. Nd2 d6 6. Ngf3 Nf6 7. Bg2 b5 8. O-O
O-O 9. Qc2 Ba6 10. Rd1 Nbd7 11. e4 Ng4 12. Bf1 Nge5 13. Nxe5 Nxe5 14. cxb5 Bxb5
15. f4 Bxf1 16. Rxf1 Nd7 17. Nc4 Qb5 18. Rb1 Bd4+ 19. Kg2 f5 20. b3 Rae8 21.
Rf3 Qb7 22. Bb2 Bxb2 23. Rxb2 Rf7 24. exf5 Rxf5 25. Ne3 Rff8 26. Qe4 e6 27. Rd2
Nf6 28. Qc4 e5 29. fxe5 Rxe5 30. Rdf2 Qg7 31. Qa6 Qe7 32. Ng4 1-0